 Dungeon Crawl Stone Soup version 0.30.0-10-gfe55d96785 (webtiles) character file.

Game seed: 10449130585932920963

63 AlmostDecent the Conjurer (level 4, 0/21 (26) HPs)
             Began as a Gargoyle Reaver on May 13, 2023.
             Slain by an adder (3 damage)
             ... on level 2 of the Dungeon.
             The game lasted 00:06:02 (1066 turns).

AlmostDecent the Conjurer (Gargoyle Reaver)         Turns: 1066, Time: 00:06:02

HP:   0/21 (26)     AC:  6    Str: 17    XL:     4   Next: 9%
MP:   6/7           EV: 11    Int: 14    God:
Gold: 58            SH:  0    Dex:  8    Spells: 6/7 levels left

rFire   + . .        a - +0 spear
rCold   . . .        (no shield)
rNeg    + . .        b - +0 leather armour
rPois   ∞            (no helmet)
rElec   +            (no cloak)
rCorr   .            (no gloves)
SInv    .            (no boots)
Will    .....        (no amulet)
Stlth   +            e - ring of protection from fire
HPRegen 0.23/turn    (no ring)
MPRegen 0.10/turn

%: no passive effects
@: slowed, heavily drained, very slow
A: sickness immunity, AC +3, negative energy resistance 1, electricity
resistance, torment resistance 1, petrification resistance
a: no special abilities


You were on level 2 of the Dungeon.
You visited 1 branch of the dungeon, and saw 2 of its levels.

You collected 58 gold pieces.

Inventory:

Hand Weapons
 a - a +0 spear (weapon)
Armour
 b - a +0 leather armour (worn)
Jewellery
 e - a ring of protection from fire (left hand)
Scrolls
 f - a scroll of brand weapon {unknown}
 g - 2 scrolls of noise {unknown}
 i - a scroll of immolation {unknown}
 j - a scroll of identify {unknown}
 k - a scroll of fear {unknown}
 n - a scroll of enchant weapon {unknown}
Potions
 c - a potion of curing {unknown}
 d - a potion of invisibility {unknown}
 h - a potion of might {unknown}
 l - a potion of resistance {unknown}
 m - a potion of flight {unknown}
 o - 2 potions of magic {unknown}


   Skills:
 + Level 2.2 Fighting
 * Level 3.6 Polearms
 + Level 0.4 Armour
 + Level 1.8 Dodging
 * Level 2.1 Spellcasting
 * Level 3.9 Conjurations


You had 6 spell levels left.
You knew the following spells:

 Your Spells              Type           Power      Damage    Failure   Level
a - Kiss of Death         Conj/Necr      28%        2d7       12%         1

Your spell library contained the following spells:

 Spells                   Type           Power      Damage    Failure   Level
 Shock                    Conj/Air       24%        1d4       13%         1
 Momentum Strike          Conj/Tloc      12%        3d8       19%         2
 Hailstorm                Conj/Ice       6%         3d4       36%         3
 Swiftness                Air            1%         N/A       63%         3
 Airstrike                Air            0%         2d(1-17)  95%         4


Dungeon Overview and Level Annotations

Branches:
Dungeon (2/15)

Altars:

Annotations:
D:2 Natasha


Innate Abilities, Weirdness & Mutations

You are immune to sickness and miasma.
Your stone body is resilient. (AC +3)
You are immune to poison.
You resist negative energy. (rN+)
You are resistant to electric shocks. (rElec)
You are resistant to unholy torment.
You are immune to petrification.


Message History

The magic dart hits you. Natasha claws you.
Aiming: Kiss of Death (safe; 12% risk of failure)
Press: ? - help, Q - select action Shift-Dir - straight line, f - Natasha
Aim: Natasha (100% to hit)
The negative energy hits Natasha!
Natasha is drained!
Natasha is severely wounded.
You feel drained. Natasha claws you but does no damage.
You closely miss Natasha.
Natasha is severely wounded.
Natasha casts a spell.
The adder misses you.
You hit Natasha but do no damage.
Natasha is severely wounded.
Natasha misses you. The adder barely misses you.
You hit Natasha but do no damage.
Natasha is severely wounded.
The cerulean imp barely misses you. Natasha claws you.
The adder barely misses you.
You miss Natasha.
Natasha is severely wounded.
The cerulean imp barely misses you. The adder bites you.
Natasha mumbles some strange words.
You closely miss Natasha.
Natasha is severely wounded.
The adder barely misses you. The cerulean imp closely misses you.
Natasha claws you.
You barely miss Natasha.
Natasha is severely wounded.
The adder bites you but does no damage.
The cerulean imp hits you but does no damage.
Natasha claws you but does no damage. The adder closely misses you.
You hit Natasha but do no damage.
Natasha is severely wounded.
The cerulean imp hits you from afar with a +2 spear.
* * * LOW HITPOINT WARNING * * *
Natasha casts a spell at you.
You feel yourself slow down. The adder bites you.
You die...

.... ...# ...........#
... ...# ..$........#
... #### ..........#
.... . #..!.....#.....
## #........#..... ...
+........'.>... ..
#........#..... (#
###...$S@h55....
.########.#.#######.....
..........#...# ...
..##..###.###.# .
..##..###.# #.#
..##......###.#
†.............#
..........#####
#.##..##..#


You could see Natasha (very drained), 2 cerulean imps and an adder.

Vanquished Creatures
  Natasha (D:2)
  2 dart slugs (D:1)
  3 ball pythons (D:1)
  3 bats (D:1)
  3 endoplasms
  A giant cockroach (D:2)
  2 goblins (D:1)
  4 hobgoblins
  4 jackals (D:1)
  2 frilled lizards (D:1)
  2 kobolds (D:1)
  5 rats
32 creatures vanquished.

Notes
Turn   | Place    | Note
-------+----------+-------------------------------------------
     0 | D:1      | AlmostDecent the Gargoyle Reaver began the quest for the
                  | Orb.
     0 | D:1      | Reached XP level 1. HP: 12/12 MP: 3/3
    38 | D:1      | Found a faded altar of an unknown god.
   128 | D:1      | Reached XP level 2. HP: 15/16 MP: 5/5
   559 | D:1      | Reached XP level 3. HP: 21/21 MP: 6/6
   868 | D:2      | Noticed Natasha
   877 | D:2      | Killed Natasha
   878 | D:2      | Reached XP level 4. HP: 11/25 MP: 4/7
  1053 | D:2      | Noticed Natasha
  1066 | D:2      | Slain by an adder

Illustrated notes

Levels and vault maps discovered:
D:1:      eino_arrival_druids_welcome, layout_loops_ring, serial_forest,
          infiniplex_forest_straight_2, infiniplex_forest_lined_ring,
          infiniplex_forest_lined_3, infiniplex_forest_lined_3_way,
          infiniplex_forest_lined_2, infiniplex_forest_lined_2,
          infiniplex_forest_lined_2, ebering_ecumenical_altar_abandoned,
          minivault_5
D:2:      layout_basic, basic_altar, minmay_increasing_density, uniq_natasha

Skill      XL: |  1 |
---------------+----+-----
Polearms       | 3 |  3.6
Fighting       | |  2.2
Armour         | |  0.4
Dodging        | |  1.8
Spellcasting   | |  2.1
Conjurations   | |  3.9

Action                     |  1- 3 |  4- 6 || total
---------------------------+-------+-------++-------
  Melee: Spear             |   101 |    25 ||   126
   Cast: Kiss of Death     |     2 |     1 ||     3
 Armour: Leather armour    |    29 |     7 ||    36
  Dodge: Dodged            |    51 |    14 ||    65
